Map: Pylon LE

Players

errorlevel - Winner!

  • Race: Protoss Protoss
  • Spawn Location: 5:00

ManlyManMeat

  • Race: Zerg Zerg
  • League: Diamond
  • Spawn Location: 11:00

VOD

Have the link to the VOD?

Description

Time

  • Played on: July 13, 2025, 4:57 p.m.
  • Length: 10:56
Show
View Real Time Build Order
Export as new Build Order

errorlevel Protoss - Winner!

Build Orders: Cannon Rush 

Get SALT Encoding   

  12  0:22  Probe  
  13  0:30  Probe  
  13  0:32  Pylon  
  14  0:40  Probe  
  15  0:52  Forge, Probe  
  16  1:04  Probe  
  16  1:09  Pylon  
  17  1:17  Probe  
  18  1:25  Probe  
  19  1:47  Photon Cannon  
  19  1:51  Photon Cannon  
  19  1:54  Photon Cannon  
  19  1:58  Pylon  
  19  2:02  Photon Cannon  
  19  2:05  Photon Cannon  
  18  2:09  Pylon  
  18  2:17  Photon Cannon  
  18  2:24  Photon Cannon  
  18  2:35  Photon Cannon  
  18  2:51  Photon Cannon  
  18  2:56  Probe  
  18  3:01  Gateway  
  18  3:04  Probe  
  18  3:05  Assimilator  
  19  3:06  Assimilator  
  19  3:12  Probe  
  21  3:20  Probe  
  22  3:29  Probe  
  23  3:41  Probe  
  24  3:51  Cybernetics Core  
  24  3:57  Nexus  
  24  4:01  Pylon  
  24  4:19  Probe  
  25  4:28  Shield Battery  
  25  4:30  Shield Battery  
  26  4:31  Probe  
  26  4:32  Shield Battery  
  26  4:37  Stargate  
  26  4:43  Probe  
  27  4:55  Probe  
  27  4:56  Shield Battery  
  28  5:03  Shield Battery  
  28  5:05  Probe  
  28  5:08  Probe  
  28  5:13  Probe  
  30  5:16  Probe  
  30  5:20  Shield Battery  
  32  5:21  Pylon  
  32  5:23  Probe  
  32  5:25  Void Ray  
  37  5:39  Probe  
  38  5:48  Protoss Air Weapons Level 1  
  38  5:52  Probe  
  39  6:04  Probe  
  40  6:07  Photon Cannon  
  40  6:08  Shield Battery  
  40  6:15  Fleet Beacon, Photon Cannon  
  40  6:16  Probe  
  41  6:55  Stargate  
  40  7:08  Probe  
  41  7:10  Assimilator  
  41  7:13  Assimilator  
  41  7:20  Probe  
  38  7:30  Carrier  
  38  7:32  Probe  
  45  7:43  Shield Battery  
  45  7:44  Probe  
  45  7:45  Photon Cannon  
  45  7:49  Photon Cannon  
  46  7:51  Pylon  
  46  7:55  Shield Battery  
  46  7:59  Carrier  
  46  8:09  Probe  
  53  8:23  Protoss Air Weapons Level 2  
  53  8:44  Pylon  
  59  9:03  Carrier  
  59  9:13  Pylon  
  59  9:16  Pylon  
  59  9:21  Pylon  
  59  9:25  Photon Cannon  
  65  9:31  Carrier  
Show
View Real Time Build Order
Export as new Build Order

ManlyManMeat Zerg 

Build Orders: Hatch First 

Get SALT Encoding   

  12  0:00  Drone  
  13  0:08  Drone  
  14  0:15  Drone, Extractor  
  15  0:21  Overlord  
  15  0:41  Drone  
  16  0:46  Hatchery  
  16  0:49  Drone  
  16  0:53  Drone  
  16  0:56  Drone  
  18  1:07  Extractor  
  17  1:15  Drone  
  17  1:17  Spawning Pool  
  17  1:24  Drone  
  18  1:32  Drone  
  19  1:37  Drone  
  20  1:51  Drone  
  21  2:05  Zergling x4  
  23  2:15  Zergling x2  
  23  2:16  Zergling x2  
  20  2:40  Drone x4, Roach Warren  
  22  2:50  Queen  
  23  2:58  Spine Crawler  
  22  3:31  Roach x2  
  22  3:32  Overlord x2  
  26  3:48  Overlord  
  26  3:49  Overlord  
  26  3:50  Queen  
  26  3:51  Ravager  
  29  3:56  Ravager  
  30  4:08  Roach  
  32  4:24  Hatchery  
  31  4:42  Drone x3  
  31  4:44  Ravager  
  35  5:00  Roach  
  35  5:04  Extractor  
  36  5:10  Roach  
  38  5:23  Roach  
  40  5:43  Ravager  
  41  5:59  Ravager  
  41  6:00  Drone  
  41  6:01  Drone x5  
  48  6:11  Queen  
  50  6:31  Spore Crawler  
  49  6:46  Queen  
  51  6:51  Lair  
  49  7:31  Drone x4, Overlord x2  
  49  7:32  Overlord  
  53  7:49  Overseer  
  53  7:53  Overseer  
  53  8:01  Drone x5  
  53  8:02  Drone x2  
  60  8:09  Hatchery  
  59  8:17  Drone  
  59  8:18  Drone x2  
  59  8:19  Hydralisk Den  
  61  8:21  Queen  
  63  8:38  Ravager  
  64  8:49  Hydralisk x6  
  73  9:03  Hydralisk  
  73  9:04  Overlord x3  
  75  9:16  Muscular Augments  
  75  9:19  Spore Crawler  
  75  9:20  Spore Crawler  
  73  9:30  Hydralisk x3  
  74  9:44  Hydralisk x2, Zergling x2  
  67  10:07  Hydralisk x2  
  67  10:12  Extractor  
  67  10:13  Extractor  
  54  10:27  Hydralisk x2, Zergling x2  
Tags
 
League
Diamond
Matchup
PvZ
Replay Pack
Myownreplay2
Spawn Locations
Cross Positions
Add a new tag
Caveats
  • Supply blocks, unpowered buildings, or Contaminate may cause inaccurate times.
  • Supply counts are checked every 10 seconds.